 Dungeon Crawl Stone Soup version 0.30-a0-40-gc6d0f036a7 (webtiles) character file.

Game seed: 11298766027621922260

519 ytrimaz the Insei (level 7, 0/43 HPs)
             Began as an Octopode Transmuter on Aug 29, 2022.
             Was an Initiate of Gozag.
             Splashed by a jelly's acid (10 damage)
             ... on level 5 of the Dungeon.
             The game lasted 00:03:18 (4783 turns).

ytrimaz the Insei (Octopode Transmuter)             Turns: 4783, Time: 00:03:19

Health: 0/43       AC: -7    Str:  9    XL:     7   Next: 21%
Magic:  12/12      EV: 17    Int: 17    God:    Gozag
Gold:   321        SH:  5    Dex: 13    Spells: 3/13 levels left

rFire   . . .      SeeInvis .      - Unarmed
rCold   . . .      Faith    .    (no shield)
rNeg    . . .      Spirit   .    (helmet restricted)
rPois   .          Reflect  +    e - amulet of reflection
rElec   .          Harm     .    b - +4 ring of evasion
rCorr   .          Rampage  .    (no ring)
Will    .....                    (no ring)
Stlth   +++.......               (no ring)
HPRegen 0.14/turn                (no ring)
MPRegen 0.13/turn                (no ring)
                                 (no ring)
                                 (no ring)

@: corroded
A: almost no armour, amphibious, 8 rings, camouflage 1, gelatinous body 1,
nimble swimmer 1, tentacles
a: Renounce Religion, Potion Petition, Call Merchant, Bribe Branch


You were on level 5 of the Dungeon.
You worshipped Gozag.
Gozag was aware of your devotion.
You visited 1 branch of the dungeon, and saw 5 of its levels.

You collected 348 gold pieces.
You paid 27 gold pieces to Gozag.

Inventory:

Jewellery
 b - a +4 ring of evasion (left tentacle)
 e - an amulet of reflection (around mantle)
Wands
 k - a wand of paralysis (4)
 o - a wand of digging (3)
 p - a wand of polymorph (11)
Scrolls
 j - 2 scrolls of enchant weapon
 l - a scroll of noise
 q - a scroll of amnesia
 r - a scroll of teleportation
 s - a scroll of vulnerability
Potions
 a - a potion of flight {unknown}
 c - 4 potions of haste
 f - a potion of magic {unknown}
 g - 3 potions of curing
 h - a potion of attraction {unknown}
 i - a potion of cancellation {unknown}
 m - a potion of might {unknown}
 n - a potion of berserk rage {unknown}
 t - a potion of degeneration {unknown}


   Skills:
 - Level 1.0 Fighting
 - Level 2.0 Dodging
 - Level 4.0 Unarmed Combat
 + Level 3.7 Spellcasting
 + Level 3.9 Transmutations
 * Level 2.8 Ice Magic
 - Level 4.0 Poison Magic


You had 3 spell levels left.
You knew the following spells:

 Your Spells              Type           Power      Damage    Failure   Level
a - Beastly Appendage     Tmut           32%        N/A       3%          1
b - Wereblood             Tmut           16%        N/A       4%          2
c - Spider Form           Tmut/Pois      16%        N/A       10%         3
d - Ice Form              Ice/Tmut       14%        N/A       36%         4

Your spell library contained the following spells:

 Spells                   Type           Power      Damage    Failure   Level
 Necrotise                Necr           12%        1d4       16%         1
 Slow                     Hex            12%        N/A       16%         1
 Confusing Touch          Hex            3%         N/A       43%         3
 Vampiric Draining        Necr           3%         2d6       43%         3
 Agony                    Necr           3%         N/A       99%         5


Dungeon Overview and Level Annotations

Branches:
Dungeon (5/15)
 Temple: D:4-7

Altars:
Gozag
Nemelex Xobeh
Okawaru


Innate Abilities, Weirdness & Mutations

You cannot wear most types of armour.
You are amphibious.
You can wear up to eight rings at the same time.
Your skin changes colour to match your surroundings (Stealth+).
Your rubbery body absorbs attacks. (AC +1, EV +1)
You are camouflaged when in or above water. (Stealth+)
You have tentacles for arms and can constrict up to eight enemies at once.


Message History

You release your grip on the necrophage.
The necrophage hits you. You block the jelly's attack.
You tentacle-slap the jelly. The acid corrodes you!
Your tentacles burn!
You pierce the jelly, but do no damage.
The jelly is lightly wounded.
Your transformation is almost over.
The jelly misses you.
You tentacle-slap the jelly.
Your tentacles burn!
You pierce the jelly.
The jelly is moderately wounded.
The jelly closely misses you.
The necrophage attacks as you move away!
The necrophage closely misses you. The jelly misses you.
There is an iron altar of Okawaru here.
You tentacle-slap the jelly. The acid corrodes you!
Your tentacles burn!
The jelly is moderately wounded.
The jelly hits you.
You are splashed with acid!
You tentacle-slap the jelly.
Your tentacles burn!
The jelly is heavily wounded.
The jelly hits you.
You are splashed with acid.
Unknown command.
You feel much better.
Your tentacle spike disappears.
The jelly closely misses you.
You tentacle-slap the jelly but do no damage.
Your tentacles burn!
The jelly is heavily wounded.
You tentacle-slap the jelly but do no damage.
The acid corrodes you!
Your tentacles burn!
You squeeze the jelly, but do no damage.
The jelly is heavily wounded.
The jelly hits you.
You are splashed with acid!
You tentacle-slap the jelly but do no damage.
Your tentacles burn!
The jelly is heavily wounded.
The jelly hits you.
* * * LOW HITPOINT WARNING * * *
The acid corrodes you!
You are splashed with acid!
You die...
Your body crumbles into a pile of gold.

#)# #.......... .$...
#.######....................
.......'....................
#...####......####..........
##..#....#'#######..........
....#.........$.............
....#............≈≈≈≈≈≈≈."..
....#...<.......≈≈≈≈≈≈...#..
....##..........@Jn....8....
.............##.≈≈≈≈≈≈......
....#...#.##..≈≈≈≈≈≈≈..##
....#...#.##......$)..... ..
#...#.####......#....
#....##..... ......# .##..
....##... .. .. .... #....
..


You could see a necrophage and a jelly.

Vanquished Creatures
  Sigmund (D:2)
  Blork the orc (D:4)
  A bullfrog (D:4)
  A hound (D:4)
  Ijyb (D:4)
  An iguana (D:4)
  An orc wizard (D:3)
  A gnoll (D:5)
  2 adders
  A dart slug (D:2)
  10 orcs
  7 bats
  4 endoplasms
  5 giant cockroaches
  6 hobgoblins
  7 jackals
  3 quokkas
  4 ball pythons
  4 frilled lizards
  8 goblins
  5 kobolds
  3 rats
77 creatures vanquished.

Notes
Turn   | Place    | Note
-------+----------+-------------------------------------------
     0 | D:1      | ytrimaz the Octopode Transmuter began the quest for the
                  | Orb.
     0 | D:1      | Reached XP level 1. HP: 13/13 MP: 3/3
    32 | D:1      | Reached XP level 2. HP: 10/18 MP: 5/5
   984 | D:2      | Reached XP level 3. HP: 23/23 MP: 4/6
   992 | D:2      | Learned a level 2 spell: Wereblood
   996 | D:2      | Learned a level 3 spell: Spider Form
  1079 | D:2      | Noticed Sigmund
  1095 | D:2      | Killed Sigmund
  1096 | D:2      | Reached XP level 4. HP: 28/28 MP: 6/8
  1096 | D:2      | Reached XP level 5. HP: 33/33 MP: 6/9
  2186 | D:3      | Found a faded altar of an unknown god.
  2630 | D:3      | Found a sparkling altar of Nemelex Xobeh.
  2858 | D:3      | Reached XP level 6. HP: 17/38 MP: 3/10
  2867 | D:3      | Learned a level 4 spell: Ice Form
  3277 | D:3      | Found an opulent altar of Gozag.
  3498 | D:3      | Became a worshipper of Gozag Ym Sagoz the Greedy
  3591 | D:4      | Noticed Ijyb
  3602 | D:4      | Killed Ijyb
  3610 | D:4      | Reached skill level 1 in Ice Magic
  4335 | D:4      | Noticed Blork the orc
  4353 | D:4      | Killed Blork the orc
  4354 | D:4      | Reached XP level 7. HP: 24/43 MP: 9/12
  4525 | D:5      | Entered Level 5 of the Dungeon
  4753 | D:5      | Found an iron altar of Okawaru.
  4783 | D:5      | Splashed by a jelly's acid

Illustrated notes

Levels and vault maps discovered:
D:1:      dpeg_arrival_tiny_i, layout_loops_cross
D:2:      layout_basic, uniq_crazy_yiuf_cottage, uniq_sigmund
D:3:      layout_basic, lemuel_tele_altar, mainiacjoe_overflow_boulevard,
          hellmonk_ecumenical_altar_crossroads, serial_corexii_hall,
          chequers_hall_statues_y, corexii_hall_statues_x,
          corexii_hall_statues_x, chequers_hall_statues_wall_a,
          grunt_ministairs_1
D:4:      layout_basic, uniq_blork_the_orc, uniq_ijyb
D:5:      layout_basic, general_overflow_altar, grunt_qazlal_clouds,
          mainiacjoe_overflow_catwalk, minmay_temple_entry_proselytizer,
          amcnicky_mini_pool_medium

Skill      XL: |  1  2  3  4  5  6 |
---------------+-------------------+-----
Unarmed Combat | 4 |  4.0
Transmutations | 3 |  3.9
Poison Magic   | 3 4 |  4.0
Spellcasting   | 3 |  3.7
Ice Magic      | 2 |  2.8
Fighting       | |  1.0
Dodging        | |  2.0

Action                   |  1- 3 |  4- 6 |  7- 9 || total
-------------------------+-------+-------+-------++-------
Melee: Unarmed           |    55 |   123 |    31 ||   209
       Kick              |    15 |     9 |     4 ||    28
       Constrict         |    16 |    19 |     4 ||    39
       Tentacles         |    10 |    11 |     2 ||    23
       Punch             |     3 |     6 |       ||     9
 Cast: Beastly Appendage |    15 |    18 |     1 ||    34
       Wereblood         |       |     1 |     2 ||     3
       Spider Form       |       |     5 |     3 ||     8
       Ice Form          |       |       |     1 ||     1
  Use: Scroll            |     3 |     6 |       ||     9
       Potion            |     1 |       |     1 ||     2
 Stab: Sleeping          |     3 |     8 |       ||    11
       Distracted        |       |     1 |       ||     1
Armor: Skin              |     4 |     1 |     1 ||     6
Dodge: Dodged            |    23 |    64 |    30 ||   117
Block: Other             |     9 |    26 |     9 ||    44

Table legend: (Time is in decaauts)
 A = Elapsed time spent in this place.
 B = Non-inter-level travel time spent in this place.
 C = Inter-level travel time spent in this place.
 D = Time resting spent in this place.
 E = Time spent auto-exploring this place.
 F = Levels seen in this place.
 G = Mean time per level.
                   A        B        C        D        E       F      G
               +--------+--------+--------+--------+--------+-----+--------+
         Total |   4765 |   4555 |    210 |      0 |   3864 |   5 |  953.0 |
       Dungeon |   4765 |   4555 |    210 |      0 |   3864 |   5 |  953.0 |
               +--------+--------+--------+--------+--------+-----+--------+

Top non-repeatable levels by time:
     D:3: 1436 daAuts
     D:2: 1239 daAuts
     D:4: 964 daAuts
     D:1: 869 daAuts
     D:5: 255 daAuts
